MAA
SALEM MISFITS @ PORTSMOUTH COASTIES
09/06/2018
 
TOP OF THE 1ST
Salem Misfits batting - Pitching for Portsmouth Coasties : RHP Bob McGhee
Pitching: RHP Bob McGhee
Batting: LHB Iván Flores 0-0: Foul Ball, location: 2F
0-1: Foul Ball, location: 2F
0-2: Strikes out swinging
Batting: RHB Ignacio García 0-0: Ball
1-0: Ground out 1-3 (Groundball, 23)
Batting: SHB Alfredo Ortíz 0-0: Ball
1-0: DOUBLE (Line Drive, 89XD)
Batting: SHB Joe Werner 0-0: Ball
1-0: Fly out, F9 (Flyball, 9LM)
Top of the 1st over - 0 run(s), 1 hit(s), 0 error(s), 1 left on base; Salem 0 - Portsmouth 0
BOTTOM OF THE 1ST
Portsmouth Coasties batting - Pitching for Salem Misfits : LHP Yaseen Mamdouh
Pitching: LHP Yaseen Mamdouh
Batting: RHB José Masaferro 0-0: Called Strike
0-1: Ball
1-1: Ground out 1-3 (Groundball, 3S)
Batting: RHB Pablo Lugo 0-0: Foul Ball, location: 2F
0-1: Ball
1-1: Ball
2-1: Ball
3-1: Foul Ball, location: 2F
3-2: Strikes out swinging
Batting: RHB Seth Varela 0-0: Called Strike
0-1: Ball
1-1: Ground out 4-3 (Groundball, 4)
Bottom of the 1st over - 0 run(s), 0 hit(s), 0 error(s), 0 left on base; Salem 0 - Portsmouth 0
TOP OF THE 2ND
Salem Misfits batting - Pitching for Portsmouth Coasties : RHP Bob McGhee
Batting: RHB Alfredo Martínez 0-0: Called Strike
0-1: Foul Ball, location: 2F
0-2: Ball
1-2: Fly out, F8 (Flyball, 8RM)
Batting: RHB Jong-duk Kim 0-0: Foul Ball, location: 2F
0-1: Ball
1-1: Ball
2-1: Ball
3-1: Base on Balls
Batting: RHB Claudio Pérez 0-0: Fly out, F9 (Flyball, 89M)
Batting: RHB Miguel Torres 0-0: Ball
1-0: Foul Ball, location: 2F
1-1: Ball
2-1: Foul Ball, location: 2F
2-2: SINGLE (Line Drive, 56D)
Jong-duk Kim to second
Batting: SHB Diego Chacón 0-0: Ball
1-0: Ball
2-0: Ball
3-0: Called Strike
3-1: Base on Balls
Jong-duk Kim to third
Miguel Torres to second
Batting: LHB Iván Flores 0-0: SINGLE (Groundball, 6MD) (infield hit)
Jong-duk Kim scores
Miguel Torres to third
Diego Chacón to second
Batting: RHB Ignacio García 0-0: Foul Ball, location: 2F
0-1: Fielders Choice at 2nd, U6 (Groundball, 6M)
Top of the 2nd over - 1 run(s), 2 hit(s), 0 error(s), 3 left on base; Salem 1 - Portsmouth 0
BOTTOM OF THE 2ND
Portsmouth Coasties batting - Pitching for Salem Misfits : LHP Yaseen Mamdouh
Batting: LHB Travis Alexander 0-0: Ball
1-0: Foul Ball, location: 2F
1-1: Ball
2-1: Ball
3-1: Called Strike
3-2: Strikes out swinging
Batting: RHB Dave Davis 0-0: Ball
1-0: Ball
2-0: Called Strike
2-1: Foul Ball, location: 2F
2-2: Ball
3-2: Foul Ball, location: 2F
3-2: Base on Balls
Batting: LHB Tom McCain 0-0: Foul Ball, location: 2F
0-1: Fielders Choice at 2nd, 3-6 (Groundball, 34)
Batting: SHB Lou Boone 0-0: Called Strike
0-1: Swinging Strike
0-2: Foul Ball, location: 2F
0-2: Strikes out swinging
Bottom of the 2nd over - 0 run(s), 0 hit(s), 0 error(s), 1 left on base; Salem 1 - Portsmouth 0
TOP OF THE 3RD
Salem Misfits batting - Pitching for Portsmouth Coasties : RHP Bob McGhee
Batting: SHB Alfredo Ortíz 0-0: Ball
1-0: Ball
2-0: SINGLE (Groundball, 6MD)
Batting: SHB Joe Werner 0-0: Ball
1-0: SINGLE (Flyball, 8RS)
Alfredo Ortíz to second
Batting: RHB Alfredo Martínez 0-0: Called Strike
0-1: Grounds into double play, 6-4-3 (Groundball, 56)
Alfredo Ortíz to third
Batting: RHB Jong-duk Kim 0-0: Called Strike
0-1: Fly out, F9 (Flyball, 89M)
Top of the 3rd over - 0 run(s), 2 hit(s), 0 error(s), 1 left on base; Salem 1 - Portsmouth 0
BOTTOM OF THE 3RD
Portsmouth Coasties batting - Pitching for Salem Misfits : LHP Yaseen Mamdouh
Batting: RHB Juan Jose Díaz 0-0: Ball
1-0: Fly out, F9 (Flyball, 9M)
Batting: RHB José Villegas 0-0: Ball
1-0: Foul Ball, location: 2F
1-1: Ball
2-1: Foul Ball, location: 2F
2-2: Foul Ball, location: 2F
2-2: Strikes out swinging
Batting: RHB José Masaferro 0-0: Swinging Strike
0-1: Ball
1-1: Ball
2-1: Ball
3-1: Ground out 4-3 (Groundball, 4)
Bottom of the 3rd over - 0 run(s), 0 hit(s), 0 error(s), 0 left on base; Salem 1 - Portsmouth 0
TOP OF THE 4TH
Salem Misfits batting - Pitching for Portsmouth Coasties : RHP Bob McGhee
Batting: RHB Claudio Pérez 0-0: Called Strike
0-1: DOUBLE (Flyball, 8RXD)
Batting: RHB Miguel Torres 0-0: Called Strike
0-1: Ball
1-1: Called Strike
1-2: Ball
2-2: SINGLE (Groundball, 6D)
Claudio Pérez to third
Runner from 3rd tries for Home, SAFE, no throw or cutoff
Batting: SHB Diego Chacón 0-0: Called Strike
0-1: Ball
1-1: Ball
2-1: Foul Ball, location: 2F
2-2: SINGLE (Line Drive, 6MD)
Miguel Torres to second
Runner from 2nd tries for 3rd, SAFE, no throw or cutoff
Batting: LHB Iván Flores 0-0: Ball
1-0: Foul Ball, location: 2F
1-1: Called Strike
1-2: Ball
2-2: Grounds out, U3 (Groundball, 3L)
Miguel Torres scores
Batting: RHB Ignacio García 0-0: Ball
1-0: Swinging Strike
1-1: Ground out 4-3 (Groundball, 4)
Diego Chacón to third
Batting: SHB Alfredo Ortíz 0-0: Ball
Wild Pitch!
Diego Chacón scores
1-0: Fly out, F4 (Popup, 34)
Top of the 4th over - 3 run(s), 3 hit(s), 0 error(s), 0 left on base; Salem 4 - Portsmouth 0
BOTTOM OF THE 4TH
Portsmouth Coasties batting - Pitching for Salem Misfits : LHP Yaseen Mamdouh
Batting: RHB Pablo Lugo 0-0: Ball
1-0: Ball
2-0: Foul Ball, location: 2F
2-1: Ball
3-1: Foul Ball, location: 2F
3-2: Foul Ball, location: 2F
3-2: Base on Balls
Batting: RHB Seth Varela 0-0: Called Strike
0-1: Ball
1-1: Ball
2-1: Foul Ball, location: 2F
2-2: Strikes out looking
Batting: LHB Travis Alexander 0-0: Ball
1-0: Fly out, F7 (Flyball, 7LM)
Batting: RHB Dave Davis 0-0: Ball
1-0: SINGLE (Line Drive, 9S)
Pablo Lugo to second
Batting: LHB Tom McCain 0-0: Called Strike
0-1: Ball
1-1: Foul Ball, location: 2F
1-2: Foul Ball, location: 2F
1-2: Strikes out swinging
Bottom of the 4th over - 0 run(s), 1 hit(s), 0 error(s), 2 left on base; Salem 4 - Portsmouth 0
TOP OF THE 5TH
Salem Misfits batting - Pitching for Portsmouth Coasties : RHP Bob McGhee
Batting: SHB Joe Werner 0-0: Foul Ball, location: 2F
0-1: Ball
1-1: Ball
2-1: Foul Ball, location: 2F
2-2: Ball
3-2: Base on Balls
Batting: RHB Alfredo Martínez 0-0: Ball
1-0: Ball
2-0: DOUBLE (Flyball, 8RM)
Joe Werner to third
Runner from 3rd tries for Home, SAFE, throw made home
Pitching: RHP Luis Oliva
Batting: RHB Jong-duk Kim 0-0: Ball
1-0: Called Strike
1-1: Fly out, F7 (Line Drive, 7M)
Batting: RHB Claudio Pérez 0-0: Swinging Strike
0-1: Swinging Strike
0-2: Strikes out swinging
Batting: RHB Miguel Torres 0-0: Ball
1-0: Called Strike
1-1: Swinging Strike
1-2: Strikes out swinging
Top of the 5th over - 1 run(s), 1 hit(s), 0 error(s), 1 left on base; Salem 5 - Portsmouth 0
BOTTOM OF THE 5TH
Portsmouth Coasties batting - Pitching for Salem Misfits : LHP Yaseen Mamdouh
Batting: SHB Lou Boone 0-0: Called Strike
0-1: Fly out, F6 (Line Drive, 6)
Batting: RHB Juan Jose Díaz 0-0: Called Strike
0-1: Ball
1-1: Ball
2-1: Ball
3-1: Base on Balls
Batting: RHB José Villegas 0-0: Ball
Wild Pitch!
Juan Jose Díaz to second
1-0: SINGLE (Groundball, 56D)
Juan Jose Díaz to third
Runner from 3rd tries for Home, SAFE, throw made home
José Villegas to second
Batting: RHB José Masaferro 0-0: Called Strike
0-1: Ball
1-1: SINGLE (Groundball, 34D)
José Villegas to third
Batting: RHB Pablo Lugo 0-0: Ball
1-0: Ball
2-0: Called Strike
2-1: Fly out, F8 (Flyball, 8LM)
Runner from 3rd tags up, SCORES, no throw
Batting: RHB Seth Varela 0-0: Called Strike
José Masaferro is caught stealing 2nd base
Bottom of the 5th over - 2 run(s), 2 hit(s), 0 error(s), 0 left on base; Salem 5 - Portsmouth 2
TOP OF THE 6TH
Salem Misfits batting - Pitching for Portsmouth Coasties : RHP Luis Oliva
Batting: SHB Diego Chacón 0-0: Ball
1-0: Swinging Strike
1-1: Foul Ball, location: 2F
1-2: Foul Ball, location: 2F
1-2: Ball
Single, Error in OF, E9, batter to second base
Batting: LHB Iván Flores 0-0: Ball
1-0: Fly out, F5 (Popup, 15)
Batting: RHB Ignacio García 0-0: Called Strike
0-1: DOUBLE (Flyball, 8RM)
Diego Chacón scores
Batting: SHB Alfredo Ortíz 0-0: Ball
1-0: Ball
2-0: SINGLE (Groundball, 13S) (infield hit)
Ignacio García to third
Batting: SHB Joe Werner 0-0: Swinging Strike
0-1: Swinging Strike
0-2: Foul Ball, location: 2F
0-2: Ball
1-2: Ball
Alfredo Ortíz steals 2nd base
2-2: Fly out, F9 (Flyball, 89M)
Runner from 3rd tags up, SCORES, throw made
Pitching: RHP Justin Jamerson
Batting: RHB Alfredo Martínez 0-0: Called Strike
0-1: Swinging Strike
0-2: Strikes out swinging
Top of the 6th over - 2 run(s), 3 hit(s), 1 error(s), 1 left on base; Salem 7 - Portsmouth 2
BOTTOM OF THE 6TH
Portsmouth Coasties batting - Pitching for Salem Misfits : LHP Yaseen Mamdouh
Batting: RHB Seth Varela 0-0: Ball
1-0: Called Strike
1-1: Swinging Strike
1-2: Strikes out swinging
Batting: LHB Travis Alexander 0-0: Swinging Strike
0-1: Ball
1-1: Swinging Strike
1-2: Ball
2-2: Strikes out looking
Batting: RHB Dave Davis 0-0: Called Strike
0-1: Called Strike
0-2: Ball
1-2: Strikes out swinging
Bottom of the 6th over - 0 run(s), 0 hit(s), 0 error(s), 0 left on base; Salem 7 - Portsmouth 2
TOP OF THE 7TH
Salem Misfits batting - Pitching for Portsmouth Coasties : RHP Justin Jamerson
Batting: RHB Jong-duk Kim 0-0: Ball
1-0: SINGLE (Line Drive, 7S)
Batting: RHB Claudio Pérez 0-0: Ball
1-0: Ball
2-0: Ball
3-0: Called Strike
3-1: Base on Balls
Jong-duk Kim to second
Batting: RHB Miguel Torres 0-0: Swinging Strike
0-1: Foul Ball, location: 2F
0-2: Ball
1-2: Grounds into double play, 4-6-3 (Groundball, 34)
Jong-duk Kim to third
Batting: SHB Diego Chacón 0-0: Ball
1-0: Ball
2-0: Ball
3-0: Base on Balls
Batting: LHB Iván Flores 0-0: Ball
1-0: Foul Ball, location: 2F
1-1: Fly out, F8 (Line Drive, 8RM)
Top of the 7th over - 0 run(s), 1 hit(s), 0 error(s), 2 left on base; Salem 7 - Portsmouth 2
BOTTOM OF THE 7TH
Portsmouth Coasties batting - Pitching for Salem Misfits : LHP Yaseen Mamdouh
Now at C: António Santana
Batting: LHB Tom McCain 0-0: Fly out, F7 (Flyball, 7LM)
Batting: SHB Lou Boone 0-0: Ball
1-0: Ball
2-0: Ball
3-0: Base on Balls
Pitching: RHP Joe Benítez
Batting: RHB Juan Jose Díaz 0-0: Foul Ball, location: 2F
0-1: Ball
1-1: Ball
2-1: Foul Ball, location: 2F
2-2: Ball
3-2: Fly out, F8 (Line Drive, 8RS)
Batting: RHB José Villegas 0-0: Ball
1-0: Ball
2-0: Foul Ball, location: 2F
2-1: Ball
3-1: Swinging Strike
3-2: Strikes out swinging
Bottom of the 7th over - 0 run(s), 0 hit(s), 0 error(s), 1 left on base; Salem 7 - Portsmouth 2
TOP OF THE 8TH
Salem Misfits batting - Pitching for Portsmouth Coasties : RHP Justin Jamerson
Batting: RHB Ignacio García 0-0: Ball
1-0: Swinging Strike
1-1: Ball
2-1: Foul Ball, location: 2F
2-2: Strikes out swinging
Batting: SHB Alfredo Ortíz 0-0: Ball
1-0: Called Strike
1-1: Called Strike
1-2: Ball
2-2: DOUBLE (Groundball, 3L)
Batting: SHB Joe Werner 0-0: Ground out 5-3 (Groundball, 56)
Batting: RHB António Santana 0-0: Called Strike
0-1: Ground out 5-3 (Groundball, 5)
Top of the 8th over - 0 run(s), 1 hit(s), 0 error(s), 1 left on base; Salem 7 - Portsmouth 2
BOTTOM OF THE 8TH
Portsmouth Coasties batting - Pitching for Salem Misfits : RHP Joe Benítez
Batting: RHB José Masaferro 0-0: Foul Ball, location: 2F
0-1: SINGLE (Flyball, 8LS)
Batting: RHB Pablo Lugo 0-0: Foul Ball, location: 2F
0-1: Foul Ball, location: 2F
0-2: Strikes out swinging
Batting: RHB Seth Varela 0-0: Ball
1-0: Ball
2-0: Called Strike
2-1: Fly out, F3 (Popup, 3S)
Batting: LHB Travis Alexander 0-0: Fly out, F9 (Flyball, 89M)
Bottom of the 8th over - 0 run(s), 1 hit(s), 0 error(s), 1 left on base; Salem 7 - Portsmouth 2
TOP OF THE 9TH
Salem Misfits batting - Pitching for Portsmouth Coasties : RHP Justin Jamerson
Batting: RHB Jong-duk Kim 0-0: Ball
1-0: Foul Ball, location: 2F
1-1: Called Strike
1-2: Strikes out swinging
Batting: RHB Claudio Pérez 0-0: Ball
1-0: Swinging Strike
1-1: Swinging Strike
1-2: Ground out 6-3 (Groundball, 6)
Batting: RHB Miguel Torres 0-0: Ball
1-0: Ground out 5-3 (Groundball, 5S)
Top of the 9th over - 0 run(s), 0 hit(s), 0 error(s), 0 left on base; Salem 7 - Portsmouth 2
BOTTOM OF THE 9TH
Portsmouth Coasties batting - Pitching for Salem Misfits : RHP Joe Benítez
Batting: RHB Dave Davis 0-0: Ground out 6-3 (Groundball, 6M)
Batting: LHB Tom McCain 0-0: Swinging Strike
0-1: Ball
1-1: SINGLE (Line Drive, 4M)
Batting: SHB Lou Boone 0-0: Swinging Strike
0-1: Ball
1-1: SINGLE (Line Drive, 6MD)
Tom McCain to second
Batting: RHB Juan Jose Díaz 0-0: Ball
1-0: Ball
2-0: Called Strike
2-1: Foul Ball, location: 2F
2-2: Ball
3-2: Base on Balls
Tom McCain to third
Lou Boone to second
Pitching: RHP Sid Brown
Batting: RHB José Villegas 0-0: Ball
1-0: Called Strike
1-1: Foul Ball, location: 2F
1-2: Strikes out swinging
Batting: RHB José Masaferro 0-0: Called Strike
0-1: Ball
1-1: Foul Ball, location: 2F
1-2: Strikes out swinging
Bottom of the 9th over - 0 run(s), 2 hit(s), 0 error(s), 3 left on base; Salem 7 - Portsmouth 2
This league is powered by Out of the Park Baseball, the baseball management simulation game for PC, Mac and Linux
Monday, May 4th, 2015 - OOTP Baseball 15.6 Build 34